 Dungeon Crawl Stone Soup version 0.31-a0-925-g0a390f2509 (webtiles) character file.

Game seed: 198179561719994392

1695475 DocEon the Axe Maniac (level 25, 231/231 HPs)
             Began as a Minotaur Berserker on Oct 19, 2023.
             Was the Champion of Trog.
             Escaped with the Orb
             ... and 3 runes!
             The game lasted 01:04:20 (65745 turns).

DocEon the Axe Maniac (Minotaur Berserker)         Turns: 65745, Time: 01:04:20

Health: 231/231    AC: 40    Str: 35    XL:     25   Next: 90%
Magic:  4/4        EV: 26    Int:  5    God:    Trog [******]
Gold:   5456       SH:  5    Dex: 16    Spells: 24/24 levels left

rFire   + + .        b - +8 executioner's axe (antimagic)
rCold   + + .        (shield currently unavailable)
rNeg    + . .        r - +3 gold dragon scales
rPois   +            I - +1 hat of the Original Sin {Slay+2 Stlth+}
rElec   .            J - +2 ratskin cloak {*Rats rPois rN+ Str-1 Int-1 Dex+1}
rCorr   .            T - +0 pair of gloves "Elereuli" {rPois Int+2 Stlth+}
SInv    +            q - +1 pair of boots of Kuarr {rF+ MP-9 Str+4}
Will    ++...        f - amulet of reflection Stlth
                     G - ring of protection from cold
HPRegen 0.58/turn    l - ring "Uhiug" {EV+5 Dex+3 SInv}
MPRegen 0.09/turn

%: reflection
@: studying Ranged Weapons
A: horns 2, retaliatory headbutt, frail 1, strong-willed 1, passive freeze,
MP-powered wands, noise suppression
0: Orb of Zot
}: 3/15 runes: serpentine, barnacled, silver
a: Renounce Religion, Berserk, Trog's Hand, Brothers in Arms


You escaped.
You worshipped Trog.
Trog was exalted by your worship.
You visited 9 branches of the dungeon, and saw 45 of its levels.
You visited 1 bazaar.
You also visited: Sewer and Bailey.

You collected 7594 gold pieces.
You spent 2138 gold pieces at shops.

Inventory:

Hand Weapons
 a - a +9 executioner's axe of freezing
 b - a +8 antimagic executioner's axe (weapon)
 m - a +1 sacred scourge of holy wrath
Missiles
 L - 10 throwing nets
Armour
 q - the +1 pair of boots of Kuarr (worn) {rF+ MP-9 Str+4}
   (You found it on level 1 of the Snake Pit)

   Str+4:     It affects your strength (+4).
   rF+:       It protects you from fire.
   MP-9:      It affects your magic capacity (-9).
 r - +3 gold dragon scales (worn)
 D - +0 storm dragon scales
 I - the +1 hat of the Original Sin (worn) {Slay+2 Stlth+}
   (You found it on level 4 of the Vaults)

   Slay+2:    It affects your accuracy & damage with ranged weapons and melee
   (+2).
   Stlth+:    It makes you more stealthy.
 J - the +2 ratskin cloak (worn) {*Rats rPois rN+ Str-1 Int-1 Dex+1}
   (You found it on level 2 of the Lair of Beasts)

   *Rats:     When the wearer is hurt, rats may emerge from it to assist them.
   Str-1:     It affects your strength (-1).
   Int-1:     It affects your intelligence (-1).
   Dex+1:     It affects your dexterity (+1).
   rPois:     It protects you from poison rN+: It protects you from negative
   energy.
 Q - the +0 cloak of Monotheism {rC++ rCorr Str-3 Int+4}
   (You found it on level 1 of the Snake Pit)

   Str-3:     It affects your strength (-3).
   Int+4:     It affects your intelligence (+4).
   rC++:      It greatly protects you from cold.
   rCorr:     It protects you from acid and corrosion.
 T - the +0 pair of gloves "Elereuli" (worn) {rPois Int+2 Stlth+}
   (You found it on level 5 of the Lair of Beasts)

   Int+2:     It affects your intelligence (+2).
   rPois:     It protects you from poison Stlth+: It makes you more stealthy.
 X - +0 gold dragon scales
Jewellery
 f - an amulet of reflection (around neck)
 i - a ring of see invisible
 l - the ring "Uhiug" (right hand) {EV+5 Dex+3 SInv}
   (You found it on level 4 of the Shoals)

   [ring of evasion]

   EV+5:      It affects your evasion (+5).
   Dex+3:     It affects your dexterity (+3).
   SInv:      It lets you see invisible.
 t - an amulet of regeneration
 u - the macabre finger necklace {Finger+ rN+}
   (You found it on level 3 of the Vaults)

   [amulet of nothing]

   Finger+:   It enables you to equip an extra ring.
   rN+:       It protects you from negative energy.
 x - a ring of ice
 C - the amulet "Esu Qiovoth" {Spirit rN+ Str+2}
   (You took it off a boggart on level 2 of the Depths)

   [amulet of guardian spirit]

   Spirit:    It causes incoming damage to be divided between your reserves of
   health and magic.
   Str+2:     It affects your strength (+2).
   rN+:       It protects you from negative energy.
 G - a ring of protection from cold (left hand)
 P - a +6 ring of intelligence
Wands
 o - a wand of acid (33)
 H - a wand of iceblast (4)
 O - a wand of digging (11)
 Y - a wand of paralysis (4)
 Z - a wand of flame (7)
Scrolls
 n - 3 scrolls of immolation
 w - a scroll of vulnerability
 y - 5 scrolls of fog
 E - 16 scrolls of teleportation
 F - 10 scrolls of poison
 K - 7 scrolls of revelation
 M - 9 scrolls of fear
 N - a scroll of torment
 R - 6 scrolls of blinking
 S - 2 scrolls of brand weapon
 V - 29 scrolls of identify
Potions
 c - 10 potions of mutation
 d - 7 potions of lignification
 e - 19 potions of curing
 g - 5 potions of attraction
 h - 4 potions of cancellation
 j - 3 potions of haste
 k - 4 potions of brilliance
 p - 9 potions of heal wounds
 s - 5 potions of ambrosia
 v - 8 potions of berserk rage
 z - 8 potions of enlightenment
 A - 4 potions of magic
 B - 5 potions of might
 U - 7 potions of invisibility
 W - 2 potions of resistance


   Skills:
 O Level 27 Fighting
 O Level 27 Axes
 O Level 27 Armour
 O Level 27 Dodging
 * Level 13.2 Stealth


You had 24 spell levels left.
You didn't know any spells.
Your spell library was empty.

Dungeon Overview and Level Annotations

Branches:
Dungeon (15/15)            Temple (0/1) D:4            Lair (5/5) D:9
 Shoals (4/4) Lair:2        Snake (4/4) Lair:2        Slime (0/5) Lair:5
    Orc (2/2) D:12            Elf (0/3) Orc:2        Vaults (5/5) D:14
  Crypt (1/3) Vaults:3     Depths (4/4) D:15            Zot (5/5) Depths:4
  Sewer (visited)          Bailey (visited)

Altars:
Cheibriados
Dithmenos
Elyvilon
Gozag
Makhleb
Nemelex Xobeh
Qazlal
Sif Muna
Vehumet
Wu Jian
Xom
Yredelemnul
Zin
The Shining One
Jiyva
Lugonu

Shops:
D:15 :   Orc:2 =:?:*   Shoals:4 :   Snake:4 *   Vaults:2 =   Depths:3 *
Depths:4 [

Portals:
Hell: Depths:1 Depths:2 Depths:3 Depths:4
Abyss: Lair:5 Depths:3
Pandemonium: Depths:1 Depths:2
Ziggurat: Depths:2
Trove: D:12 (give +3 gold dragon scales)


Innate Abilities, Weirdness & Mutations

You have a pair of horns on your head.
You reflexively headbutt those who attack you in melee.
You are frail. (-10% HP)
You are strong-willed. (Will+)
A frigid envelope surrounds you and freezes all who hurt you.
You expend magic power (3 MP) to strengthen your wands.
You passively dampen the noise of your surroundings.


Message History

You climb upwards.
There is a stone staircase leading down here.
There is a stone staircase leading down here.
An ice devil comes into view.
There is a stone staircase leading up here.
You climb upwards.
There is a stone staircase leading down here.
A blizzard demon comes into view.
You can't go up here!
You slice the blizzard demon!!
The blizzard demon's magic leaks into the air.
The blizzard demon is moderately wounded.
You closely miss the blizzard demon. You headbutt the blizzard demon.
The blizzard demon is moderately wounded.
The blizzard demon falters for a moment.
You slice the blizzard demon!!
The blizzard demon's magic leaks into the air.
You headbutt the blizzard demon!
The blizzard demon is almost dead.
The blizzard demon falters for a moment.
You hit the blizzard demon but do no damage.
The blizzard demon is almost dead.
You slice the blizzard demon!!
You kill the blizzard demon!
Trog accepts your kill.
No target in view!
You see here a +0 club.
There is a stone staircase leading up here.
You climb upwards.
There is a stone staircase leading down here.
There is an open door here.
A hellwing comes into view.
You carve the hellwing like a ham!!!
You kill the hellwing!
Trog accepts your kill.
No target in view!
No target in view!
There is an open door here.
There is a staircase leading out of the dungeon here.
You have escaped!

##.#.....# #.#
####........# #.#
######....#......####.#
#......####......#....#
#.####§#####.....#.###.
#.#≈≈§.§≈≈##.....#.##.)
#.+.§§≈≈≈.'...(..#.##.#
#.#≈§§§§.≈##.....#.#..#
#.#≈§.@.≈≈##.......#.##
#.#≈.....≈##.##....#.#
#.+.≈≈≈≈≈.+........#.#
###≈≈≈.≈§§#.......>..#
####.####.......####
#..###.......#
##...........##
#####........♣♣♣♣
#............


There were no monsters in sight!

Vanquished Creatures
  5 dread liches
  5 ancient liches
  5 orbs of fire (Zot:5)
  Mara (Depths:3)
  Sojobo (Depths:1)
  Josephina (Zot:4)
  Bai Suzhen (Depths:2)
  Vv (Zot:4)
  The ghost of niangp the Conqueror, a veteran MiBe of Trog (Vaults:4)
  4 curse toes
  8 Killer Klowns
  5 caustic shrikes (Depths:4)
  8 golden dragons
  Nikola (Shoals:4)
  4 electric golems
  25 Orb Guardians
  5 liches
  Jorgrun (Orc:1)
  Asterion (Snake:3)
  24 tentacled monstrosities
  4 quicksilver dragons
  The ghost of Kacetewk the Executioner, an adept MiBe of Trog (Snake:1)
  3 titans (Vaults:5)
  8 sphinxes
  10 death cobs
  4 krakens (Shoals:2)
  Frances (Snake:2)
  11 tengu reavers
  Aizul (Snake:3)
  16 storm dragons
  9 shadow dragons
  Kirke (Shoals:3)
  Agnes (D:15)
  Ilsuiw (Shoals:3)
  Roxanne (Snake:2)
  9 draconian monks
  7 fire giants
  3 nagarajas (Snake:4)
  5 draconian knights
  6 frost giants
  2 deep elf sorcerers (Vaults:5)
  15 vault wardens
  A juggernaut zombie (Depths:3)
  4 ghost moths
  7 draconian scorchers
  6 draconian stormcallers
  3 balrugs
  3 draconian shifters
  8 angels
  23 ironbound preservers
  3 draconian annihilators
  4 orc warlords
  2 spriggan defenders (Depths:4)
  A reaper (Zot:5)
  18 very ugly things
  4 formless jellyfish
  7 war gargoyles
  6 ironbound thunderhulks
  10 green draconians
  2 cacodemons (Vaults:4)
  12 stone giants
  3 deep elf demonologists
  2 deep elf annihilators (Vaults:5)
  9 black draconians
  12 dire elephants
  8 purple draconians
  12 yellow draconians
  Azrael (Snake:2)
  4 spark wasps (Depths:4)
  12 white draconians
  8 red draconians
  An ettin (shapeshifter) (Vaults:1)
  A deep elf death mage (Vaults:5)
  A blizzard demon (D:2)
  A crystal guardian (Vaults:1)
  15 ettins
  3 fire dragons
  6 merfolk javelineers
  11 merfolk impalers
  2 rakshasas
  A great orb of eyes (shapeshifter) (Vaults:5)
  An entropy weaver (Vaults:5)
  13 yaktaur captains
  Harold (Lair:2)
  9 great orbs of eyes
  A hell beast (Depths:1)
  A caustic shrike simulacrum (Depths:3)
  7 hydras
  4 peacekeepers
  5 salamander tyrants
  8 ironbound frosthearts
  5 merfolk avatars
  6 spriggan air magi
  Erica (D:10)
  4 catoblepae
  5 merfolk aquamancers
  A satyr (Shoals:2)
  7 ice dragons
  22 centaur warriors
  3 deep troll shamans
  9 boulder beetles
  4 ogre magi
  38 vault guards
  13 two-headed ogres
  4 deep troll earth magi
  7 anacondas
  2 vampire magi (Depths:2)
  2 death knights (Vaults:3)
  3 naga warriors
  An orc high priest (Orc:2)
  Urug (D:10)
  3 thrashing horrors (Lair:5)
  5 tengu warriors
  18 naga sharpshooters
  6 death yaks
  14 shock serpents
  Sonja (Orc:2)
  2 spriggan berserkers
  10 hell knights
  A shock serpent (shapeshifter) (Depths:1)
  10 sun demons
  A titan skeleton (Depths:1)
  Nergalle (Lair:3)
  A spectral anaconda (Snake:2)
  4 skysharks
  4 arcanists
  5 iron trolls (Depths:2)
  2 salamander mystics
  6 sea snakes
  4 cherubim (Depths:3)
  5 skeletal warriors (D:15)
  6 glowing orange brains
  3 naga ritualists
  A quicksilver dragon simulacrum (Zot:4)
  A tengu zombie (Depths:1)
  65 deep trolls
  29 harpies
  3 occultists
  Pikel (D:4)
  22 ironbound convokers
  An anaconda skeleton (Snake:2)
  6 necromancers
  3 deep elf pyromancers
  3 phantasmal warriors (Vaults:5)
  13 mana vipers
  20 orc knights
  20 ugly things
  14 cyclopes
  3 orc sorcerers
  5 fauns
  23 moths of wrath
  21 manticores
  A moth of wrath (shapeshifter) (D:9)
  A large abomination (Lair:5)
  9 salamanders
  14 elephants
  A torpor snail (shapeshifter) (Vaults:5)
  A rust devil (Depths:3)
  Joseph (D:7)
  12 merfolk sirens
  5 guardian serpents
  32 black mambas
  8 water nymphs
  29 vault sentinels
  A cane toad (shapeshifter) (D:14)
  13 naga magi
  3 smoke demons
  2 storm dragon simulacra (Zot:4)
  A rime drake (shapeshifter) (Vaults:4)
  An unseen horror (D:12)
  3 spectral sea snakes (Snake:2)
  13 cane toads
  7 komodo dragons
  2 rime drakes
  2 kobold demonologists (D:12)
  Jeremiah (D:8)
  41 yaktaurs
  2 anaconda simulacra (Snake:2)
  2 spectral nagas (Snake:2)
  3 tengu conjurers
  A golden dragon simulacrum (Depths:3)
  A yaktaur (shapeshifter) (D:15)
  An efreet (D:15)
  A tormentor (Depths:4)
  6 freezing wraiths
  A queen bee (shapeshifter) (Vaults:4)
  A hellwing (D:1)
  2 meliai (shapeshifter)
  2 polar bears (Lair:5)
  13 trolls
  47 merfolk
  2 trolls (shapeshifter) (Vaults:4)
  3 spectral guardian serpents (Snake:2)
  A raiju (shapeshifter) (Vaults:5)
  Prince Ribbit (D:6)
  11 snapping turtles
  4 wind drakes
  7 hornets
  24 blink frogs
  2 raiju (Lair:5)
  16 dream sheep
  A draconian simulacrum (Zot:4)
  A frost giant simulacrum (Depths:3)
  Sigmund (D:5)
  19 slime creatures
  6 spriggans
  2 spriggans (shapeshifter)
  A guardian serpent skeleton (Snake:2)
  A shadow (D:11)
  A culicivora (shapeshifter) (D:14)
  59 yaks
  5 wyverns
  16 water elementals
  A wyvern (shapeshifter) (Depths:2)
  A basilisk (shapeshifter) (Vaults:4)
  3 fire elementals (Snake:2)
  A yak (shapeshifter) (Vaults:4)
  A human (shapeshifter) (Vaults:4)
  A wraith (D:12)
  8 basilisks
  17 humans (D:14)
  7 vampire mosquitoes
  8 chaos spawn
  Edmund (D:4)
  A human zombie (Depths:3)
  4 wargs
  A glowing shapeshifter zombie (Depths:3)
  3 swamp worms (D:7)
  20 water moccasins
  2 hell hounds (Snake:2)
  29 nagas
  An acid dragon (D:11)
  A moth of wrath simulacrum (Zot:4)
  A floating eye (Depths:2)
  A guardian serpent simulacrum (Snake:2)
  33 orc warriors
  Pargi (Sewer)
  2 black bears
  3 boggarts
  26 wolves
  27 ogres
  A boggart (shapeshifter) (Vaults:4)
  3 phantoms
  20 centaurs
  3 kobold brigands
  15 bullfrogs
  11 small abominations (Lair:5)
  2 gnoll sergeants
  4 scorpions
  A glowing shapeshifter simulacrum (Depths:1)
  14 wights
  A hornet simulacrum (D:15)
  4 killer bees (D:9)
  2 electric eels
  4 howler monkeys
  5 hounds
  A gnoll bouda (D:6)
  2 jellies (Lair:5)
  15 orc priests
  4 iguanas
  12 hell rats
  A sleepcap (D:4)
  20 orc wizards
  26 gnolls
  14 adders
  5 naga simulacra (Snake:2)
  2 white imps (D:7)
  4 ufetubi
  5 worms
  2 dart slugs
  73 orcs
  6 bats
  11 endoplasms
  8 giant cockroaches
  13 goblins
  13 hobgoblins
  4 jackals (D:3)
  17 kobolds
  9 quokkas
  10 ball pythons
  6 frilled lizards
  7 rats
  A spectral weapon (D:7)
  7 tentacles (Shoals:2)
2081 creatures vanquished.

Vanquished Creatures (collateral kills)
  A Killer Klown (Zot:1)
  Polyphemus (Shoals:3)
  A nagaraja (Snake:4)
  2 merfolk impalers (Shoals:4)
  A great orb of eyes (Vaults:1)
  A catoblepas (Lair:4)
  A death yak (Shoals:3)
  A thrashing horror (Lair:5)
  An orc sorcerer (Orc:1)
  A black mamba (Snake:3)
  A merfolk (Shoals:3)
  A human (D:14)
  An orc (Orc:2)
  2 butterflies (Zot:1)
16 creatures vanquished.

Vanquished Creatures (others)
  A golden dragon (Zot:4)
  A fire giant (Vaults:5)
  A red draconian (Zot:4)
  A moth of wrath (Zot:4)
  23 tentacles (Shoals:2)
27 creatures vanquished.

Grand Total: 2124 creatures vanquished

Notes
Turn   | Place    | Note
-------+----------+-------------------------------------------
     0 | D:1      | DocEon the Minotaur Berserker began the quest for the Orb.
     0 | D:1      | Reached XP level 1. HP: 19/19 MP: 0/0
   101 | D:1      | Reached XP level 2. HP: 18/26 MP: 1/1
   294 | D:1      | Reached skill level 5 in Axes
   303 | D:1      | Reached ** piety under Trog
   333 | D:1      | Reached XP level 3. HP: 30/31 MP: 2/2
  1473 | D:3      | Reached XP level 4. HP: 39/39 MP: 3/3
  1510 | D:3      | You fall into a shaft and drop 1 floor!
  1515 | D:4      | Noticed Edmund
  1526 | D:4      | Killed Edmund
  1527 | D:4      | Reached XP level 5. HP: 42/45 MP: 4/4
  1688 | D:3      | Found a basalt altar of Yredelemnul.
  1710 | D:3      | Reached *** piety under Trog
  1778 | D:3      | Reached XP level 6. HP: 51/51 MP: 5/5
  1800 | D:3      | Identified the +6 scale mail of the Treeataur {rPois}
  2416 | D:4      | Found a staircase to the Ecumenical Temple.
  2428 | D:4      | Reached skill level 10 in Axes
  2428 | D:4      | Reached XP level 7. HP: 57/57 MP: 6/6
  2484 | D:4      | Noticed Pikel
  2495 | D:4      | Killed Pikel
  2496 | D:4      | Reached XP level 8. HP: 64/64 MP: 7/7
  2593 | D:5      | Entered Level 5 of the Dungeon
  2609 | D:5      | Noticed Sigmund
  2646 | D:5      | Killed Sigmund
  3820 | D:6      | Reached XP level 9. HP: 71/71 MP: 8/8
  3866 | D:6      | Reached **** piety under Trog
  3887 | D:6      | Reached skill level 5 in Fighting
  3942 | D:6      | Noticed Prince Ribbit
  3952 | D:6      | Killed Prince Ribbit
  4005 | D:6      | Found a glowing drain.
  4009 | Sewer    | Entered a sewer
  4044 | Sewer    | Noticed Pargi
  4053 | Sewer    | Killed Pargi
  4054 | Sewer    | Reached skill level 5 in Armour
  4295 | D:6      | Reached skill level 15 in Axes
  4739 | D:7      | Reached XP level 10. HP: 84/84 MP: 9/9
  4893 | D:7      | Reached ***** piety under Trog
  5065 | D:7      | HP: 6/129 [swamp worm (10)]
  5684 | D:7      | Noticed Joseph
  5699 | D:7      | Killed Joseph
  5980 | D:8      | Received a gift from Trog
  6173 | D:8      | Found an opulent altar of Gozag.
  6175 | D:8      | Noticed Jeremiah
  6187 | D:8      | Killed Jeremiah
  6533 | D:8      | Found a sparkling altar of Nemelex Xobeh.
  6533 | D:8      | Found a white marble altar of Elyvilon.
  6533 | D:8      | Found a shadowy altar of Dithmenos.
  6533 | D:8      | Found a burning altar of Makhleb.
  6539 | D:8      | Found an ornate altar of the Wu Jian Council.
  6545 | D:8      | Found a stormy altar of Qazlal.
  6635 | D:9      | Identified the "Holucza"
  6701 | D:9      | Noticed a centaur warrior
  6701 | D:9      | Noticed a centaur warrior
  6701 | D:9      | Noticed a centaur warrior
  6701 | D:9      | Noticed a boulder beetle
  6701 | D:9      | Noticed a cyclops
  6711 | D:9      | Noticed a manticore
  6711 | D:9      | Noticed a deep elf pyromancer
  6711 | D:9      | Noticed a cyan ugly thing
  6712 | D:9      | Noticed a deep elf pyromancer
  6773 | D:9      | Found a staircase to the Lair.
  6790 | D:9      | Reached XP level 11. HP: 58/95 MP: 10/10
  6927 | D:9      | Found a flagged portal.
  6937 | Bailey   | Entered a bailey
  7073 | Bailey   | Noticed an orc knight
  7074 | Bailey   | Noticed an orc knight
  7079 | Bailey   | Killed an orc knight
  7088 | Bailey   | Killed an orc knight
  7214 | Bailey   | Noticed an orc warlord
  7233 | Bailey   | Killed an orc warlord
  7442 | Bailey   | Acquired a manual of Armour
  7625 | D:9      | Identified the +6 executioner's axe of Uggin {flame,
                  | *Corrode rC+ Stlth+} (Trog gifted it to you on level 9 of
                  | the Dungeon)
  7625 | D:9      | Received a gift from Trog
  7766 | D:9      | Noticed a lindwurm
  7844 | D:10     | Entered Level 10 of the Dungeon
  7871 | D:10     | Noticed Erica
  7883 | D:10     | Killed Erica
  7884 | D:10     | Reached skill level 10 in Fighting
  8169 | D:10     | Noticed a two-headed ogre
  8173 | D:10     | Killed a two-headed ogre
  8174 | D:10     | Reached skill level 10 in Armour
  8658 | D:10     | Noticed Urug
  8668 | D:10     | Killed Urug
  9020 | Lair:1   | Entered Level 1 of the Lair of Beasts
  9064 | Lair:1   | Reached XP level 12. HP: 83/108 MP: 11/11
  9256 | Lair:1   | Noticed a boulder beetle
  9274 | Lair:1   | Killed a boulder beetle
  9422 | Lair:1   | Acquired 1195 gold pieces
  9689 | Lair:1   | Received a gift from Trog
 10161 | Lair:2   | Found the +2 ratskin cloak {*Rats rPois rN+ Str-1 Int-1
                  | Dex+1}
 10223 | Lair:2   | Identified the +8 mace of Tumult {holy, Will++}
 10338 | Lair:2   | Reached skill level 15 in Armour
 10387 | Lair:2   | Found a staircase to the Snake Pit.
 10586 | Lair:2   | Found a staircase to the Shoals.
 10782 | Lair:2   | Noticed a four-headed hydra
 10790 | Lair:2   | Killed a one-headed hydra
 10791 | Lair:2   | Reached XP level 13. HP: 94/117 MP: 12/12
 11024 | Lair:2   | Noticed Harold
 11033 | Lair:2   | Killed Harold
 11962 | Lair:3   | Identified the +8 quarterstaff of the Gloaming {protect,
                  | Str+2 Int+7}
 12194 | Lair:3   | Noticed Nergalle
 12208 | Lair:3   | Killed Nergalle
 12209 | Lair:3   | Received a gift from Trog
 12676 | Lair:4   | Identified the +0 pair of boots of Weirdness {Int+2}
 13167 | Lair:4   | Identified the +0 ring mail of Untruth {Will++}
 13237 | Lair:4   | Reached XP level 14. HP: 94/129 MP: 13/13
 13534 | Lair:4   | You fall into a shaft and drop 1 floor!
 13534 | Lair:5   | Entered Level 5 of the Lair of Beasts
 13619 | Lair:5   | Reached ****** piety under Trog
 13920 | Lair:5   | Found a corrupted altar of Lugonu.
 13920 | Lair:5   | Found a one-way gate to the infinite horrors of the Abyss.
 14154 | Lair:5   | Identified the +2 quarterstaff of the Omega Point {pain,
                  | Int+2 Stlth+}
 14195 | Lair:5   | Received a gift from Trog
 14198 | Lair:5   | Found a snail-covered altar of Cheibriados.
 14244 | Lair:5   | Identified the +6 spear of Lown {antimagic, Fly rElec
                  | rCorr}
 14363 | Lair:5   | Found a viscous altar of Jiyva.
 14364 | Lair:5   | Found a staircase to the Slime Pits.
 14784 | Lair:5   | Identified the +0 pair of gloves "Elereuli" {rPois Int+2
                  | Stlth+}
 16588 | D:12     | Found a portal to a secret trove of treasure.
 16958 | D:12     | Found a staircase to the Orcish Mines.
 17167 | D:13     | Received a gift from Trog
 17552 | D:13     | Found a sparkling altar of Nemelex Xobeh.
 17594 | D:13     | Reached XP level 15. HP: 139/139 MP: 14/14
 18754 | D:14     | Found a gate to the Vaults.
 18763 | D:14     | Received a gift from Trog
 19254 | D:9      | Reached skill level 15 in Fighting
 19286 | D:9      | Identified the +1 pair of boots "Pusiafasm" {-Tele rF-
                  | Int+7}
 19442 | D:9      | Identified the +1 scimitar of the Modern Orbs {flame,
                  | Str+4}
 19613 | D:15     | Entered Level 15 of the Dungeon
 19646 | D:15     | Found a staircase to the Depths.
 19817 | D:15     | Noticed Agnes
 19828 | D:15     | Killed Agnes
 20035 | D:15     | Found Unnan's Self-Improvement Boutique.
 20720 | Orc:1    | Entered Level 1 of the Orcish Mines
 20893 | Orc:1    | Noticed Jorgrun
 20903 | Orc:1    | Killed Jorgrun
 21189 | Orc:2    | Identified the "Omnijoto"
 21189 | Orc:2    | Entered Level 2 of the Orcish Mines
 21272 | Orc:2    | Found a staircase to the Elven Halls.
 21272 | Orc:2    | Found Pufith's General Store.
 21492 | Orc:2    | Noticed Sonja
 21504 | Orc:2    | Reached XP level 16. HP: 149/149 MP: 15/15
 21515 | Orc:2    | Killed Sonja
 21525 | Orc:2    | Found Iseroler's Book Emporium.
 21751 | Orc:2    | Bought 3 scrolls of enchant weapon for 360 gold pieces
 21794 | Orc:2    | Found Puedy's Magic Scroll Shop.
 21798 | Orc:2    | Found Fyth's Book Boutique.
 21799 | Orc:2    | Found Kotisul's Jewellery Shop.
 21821 | Orc:2    | Bought a scroll of teleportation for 42 gold pieces
 21821 | Orc:2    | Bought a scroll of revelation for 105 gold pieces
 21858 | Orc:2    | Received a gift from Trog
 22734 | Orc:1    | Found a radiant altar of Vehumet.
 23007 | Snake:1  | Entered Level 1 of the Snake Pit
 23069 | Snake:1  | Found a flickering gateway to a bazaar.
 23079 | Bazaar   | Entered a bazaar
 23079 | Bazaar   | Found Onuffaga's Distillery.
 23079 | Bazaar   | Found Ahustrasy's Antique Weapon Shop.
 23098 | Bazaar   | Bought a potion of curing for 30 gold pieces
 23098 | Bazaar   | Bought a potion of curing for 30 gold pieces
 23098 | Bazaar   | Bought a potion of curing for 30 gold pieces
 23098 | Bazaar   | Bought a potion of might for 40 gold pieces
 23098 | Bazaar   | Bought a potion of invisibility for 80 gold pieces
 23098 | Bazaar   | Bought a potion of mutation for 80 gold pieces
 23098 | Bazaar   | Bought a potion of mutation for 80 gold pieces
 23122 | Bazaar   | Found Pusuolyr's Antique Armour Shop.
 23180 | Snake:1  | Found a transporter.
 23933 | Snake:1  | Found a transporter.
 23944 | Snake:1  | Noticed Kacetewk's ghost (adept MiBe)
 24533 | Snake:1  | Killed Kacetewk's ghost
 24535 | Snake:1  | Identified the +1 pair of boots of Kuarr {rF+ MP-9 Str+4}
 24552 | Snake:1  | Identified the +0 cloak of Monotheism {rC++ rCorr Str-3
                  | Int+4}
 24742 | Snake:2  | Noticed Frances
 24749 | Snake:2  | Killed Frances
 25010 | Snake:2  | Received a gift from Trog
 25031 | Snake:2  | Noticed Azrael
 25040 | Snake:2  | HP: 5/152 [Azrael/bolt of fire (4)]
 25047 | Snake:2  | Killed Azrael
 25372 | Snake:2  | Identified the +2 robe "Kabon" {rF+ Int-3 Dex+3}
 25825 | Snake:2  | Received a gift from Trog
 26221 | Snake:2  | Noticed Roxanne
 26230 | Snake:2  | Killed Roxanne
 26517 | Snake:2  | You fall into a shaft and drop 1 floor!
 26538 | Snake:3  | Reached XP level 17. HP: 155/160 MP: 7/16
 27232 | Snake:3  | Noticed Aizul
 27249 | Snake:3  | Killed Aizul
 28213 | Snake:3  | Noticed Asterion
 28224 | Snake:3  | Killed Asterion
 28493 | Snake:4  | Entered Level 4 of the Snake Pit
 28520 | Snake:4  | Received a gift from Trog
 29024 | Snake:4  | Found Oskorgh's Assorted Antiques.
 29065 | Snake:4  | Bought a scroll labelled ETEAXA VIDAU for 25 gold pieces
 29065 | Snake:4  | Bought a pair of glowing gloves for 187 gold pieces
 29065 | Snake:4  | Bought a scroll of blinking for 187 gold pieces
 29065 | Snake:4  | Bought a scroll of blinking for 187 gold pieces
 29246 | Snake:4  | Found a stormy altar of Qazlal.
 29933 | Snake:4  | Noticed a quicksilver dragon
 29940 | Snake:4  | Killed a quicksilver dragon
 30637 | Snake:4  | Got a serpentine rune of Zot
 30865 | Shoals:1 | Entered Level 1 of the Shoals
 31832 | Shoals:1 | Reached XP level 18. HP: 154/171 MP: 17/17
 31923 | Shoals:1 | Received a gift from Trog
 32349 | Shoals:2 | You are sucked into a shaft and drop 1 floor!
 32351 | Shoals:3 | Noticed Polyphemus
 32368 | Shoals:3 | Killed Polyphemus
 33394 | Shoals:3 | Noticed Kirke
 33399 | Shoals:3 | Killed Kirke
 33514 | Shoals:3 | Noticed Ilsuiw
 33637 | Shoals:3 | Killed Ilsuiw
 34245 | Shoals:2 | Reached skill level 27 in Axes
 34391 | Shoals:2 | HP: 9/259 [merfolk/+0 trident (6)]
 34399 | Shoals:2 | HP: 6/259 [merfolk/+0 trident (10)]
 34982 | Shoals:2 | Received a gift from Trog
 36503 | Shoals:4 | Entered Level 4 of the Shoals
 36510 | Shoals:4 | Found Uneifiph's Book Shop.
 36566 | Shoals:4 | Identified the ring "Uhiug" {EV+5 Dex+3 SInv}
 36766 | Shoals:4 | Received a gift from Trog
 36873 | Shoals:4 | Got a barnacled rune of Zot
 37049 | Shoals:4 | Reached XP level 19. HP: 78/182 MP: 18/18
 37794 | Shoals:4 | Identified the +11 orcbow of the Jolly Nights {flame, rN+
                  | Int+4}
 38035 | Shoals:4 | Noticed Nikola
 38045 | Shoals:4 | Killed Nikola
 38481 | Vaults:1 | Entered Level 1 of the Vaults
 38577 | Vaults:1 | Received a gift from Trog
 38893 | Vaults:1 | Reached skill level 27 in Armour
 39782 | Vaults:1 | Received a gift from Trog
 39792 | Vaults:1 | Reached skill level 5 in Dodging
 41240 | Vaults:2 | Received a gift from Trog
 41337 | Vaults:2 | Reached XP level 20. HP: 197/198 MP: 10/19
 42242 | Vaults:2 | Found Iloreid's Jewellery Boutique.
 42468 | Vaults:2 | Identified the ring "Waokaevy" {*Corrode rElec Str+6 Dex+6}
 42809 | Vaults:3 | Reached skill level 10 in Dodging
 42892 | Vaults:3 | Identified the +4 falchion of Mayhem {flame, *Corrode rPois
                  | rC- Int+8}
 42937 | Vaults:3 | Received a gift from Trog
 42961 | Vaults:3 | Found the macabre finger necklace {Finger+ rN+}
 43536 | Vaults:3 | Found a staircase to the Crypt.
 44076 | Vaults:3 | Paralysed by a sphinx for 5 turns
 44540 | Vaults:5 | Identified the of Kujiegg
 44540 | Crypt:1  | Entered Level 1 of the Crypt
 44994 | Vaults:4 | Noticed a golden dragon
 45542 | Vaults:4 | Killed a golden dragon
 45765 | Vaults:4 | Identified the +7 battleaxe of World's End {flame, rPois}
                  | (Trog gifted it to you on level 4 of the Vaults)
 45765 | Vaults:4 | Received a gift from Trog
 45766 | Vaults:4 | Reached XP level 21. HP: 180/211 MP: 11/20
 45959 | Vaults:4 | Found a runed translucent gate.
 45959 | Vaults:4 | Found a runed translucent gate.
 45960 | Vaults:4 | Found a runed translucent gate.
 46024 | Vaults:4 | Gained mutation: You do not regenerate when monsters are
                  | visible. [a cacodemon]
 46052 | Vaults:4 | Lost mutation: You do not regenerate when monsters are
                  | visible. [potion of mutation]
 46052 | Vaults:4 | Gained mutation: You are frail. (-10% HP) [potion of
                  | mutation]
 46052 | Vaults:4 | Gained mutation: You are strong-willed. (Will+) [potion of
                  | mutation]
 46053 | Vaults:4 | Lost mutation: You are frail. (-10% HP) [potion of
                  | mutation]
 46053 | Vaults:4 | Lost mutation: You are strong-willed. (Will+) [potion of
                  | mutation]
 46053 | Vaults:4 | Gained mutation: You have supernaturally acute eyesight.
                  | (SInv) [potion of mutation]
 46053 | Vaults:4 | Gained mutation: You are resistant to electric shocks.
                  | (rElec) [potion of mutation]
 46340 | Vaults:4 | Identified the +1 broad axe of the Dwarven Hall {freeze,
                  | MP+9}
 46791 | Vaults:4 | Found a runed translucent gate.
 46791 | Vaults:4 | Found a runed translucent gate.
 46794 | Vaults:4 | Found a runed translucent gate.
 46798 | Vaults:4 | Noticed niangp's ghost (veteran MiBe)
 46816 | Vaults:4 | Killed niangp's ghost
 46975 | Vaults:4 | Identified the +1 hat of the Original Sin {Slay+2 Stlth+}
 47044 | Vaults:4 | Gained mutation: You are vulnerable to heat. (rF-)
                  | [mutagenic glow]
 47045 | Vaults:4 | Lost mutation: You are resistant to electric shocks.
                  | (rElec) [potion of mutation]
 47045 | Vaults:4 | Lost mutation: You have supernaturally acute eyesight.
                  | (SInv) [potion of mutation]
 47045 | Vaults:4 | Lost mutation: You are vulnerable to heat. (rF-) [potion of
                  | mutation]
 47045 | Vaults:4 | Gained mutation: You are frail. (-10% HP) [potion of
                  | mutation]
 47045 | Vaults:4 | Gained mutation: You are dopey. (Int -2) [potion of
                  | mutation]
 47045 | Vaults:4 | Gained mutation: Your flesh is heat resistant. (rF+)
                  | [potion of mutation]
 47046 | Vaults:4 | Lost mutation: Your flesh is heat resistant. (rF+) [potion
                  | of mutation]
 47046 | Vaults:4 | Lost mutation: You are dopey. (Int -2) [potion of mutation]
 47046 | Vaults:4 | Lost mutation: You are frail. (-10% HP) [potion of
                  | mutation]
 47046 | Vaults:4 | Gained mutation: A frigid envelope surrounds you and
                  | freezes all who hurt you. [potion of mutation]
 47046 | Vaults:4 | Gained mutation: You are strong-willed. (Will+) [potion of
                  | mutation]
 47046 | Vaults:4 | Gained mutation: Armour fits poorly on your strangely
                  | shaped body. [potion of mutation]
 47047 | Vaults:4 | Lost mutation: You are strong-willed. (Will+) [potion of
                  | mutation]
 47047 | Vaults:4 | Lost mutation: Armour fits poorly on your strangely shaped
                  | body. [potion of mutation]
 47047 | Vaults:4 | Gained mutation: You passively dampen the noise of your
                  | surroundings. [potion of mutation]
 47047 | Vaults:4 | Gained mutation: You are strong-willed. (Will+) [potion of
                  | mutation]
 47047 | Vaults:4 | Gained mutation: Your spells are a little harder to cast,
                  | but a little more powerful. [potion of mutation]
 47399 | Crypt:3  | Identified the of Eten
 47399 | Crypt:3  | Identified the "Xoota"
 47399 | Depths:1 | Identified the "Pisch"
 47399 | Depths:1 | Identified the "Qunoe"
 47399 | Depths:1 | Identified the "Seshimiu"
 47399 | Depths:1 | Entered Level 1 of the Depths
 47596 | Depths:1 | Noticed Sojobo
 47598 | Depths:1 | Identified the +4 battleaxe "Lumiri" {flame, rN++ Str+3}
                  | (Trog gifted it to you on level 1 of the Depths)
 47598 | Depths:1 | Received a gift from Trog
 47604 | Depths:1 | Paralysed by an air elemental for 1 turns
 47612 | Depths:1 | Paralysed by an air elemental for 1 turns
 47618 | Depths:1 | Killed Sojobo
 47872 | Depths:1 | Found a shimmering blue altar of Sif Muna.
 48299 | Depths:1 | Found a gateway to Hell.
 48442 | Depths:1 | Found a one-way gate leading to the halls of Pandemonium.
 48726 | Depths:2 | Found a glowing golden altar of the Shining One.
 48855 | Depths:2 | Found a one-way gateway to a ziggurat.
 49188 | Depths:2 | Identified the +9 battleaxe of the Inferno {heavy, rN+}
                  | (Trog gifted it to you on level 2 of the Depths)
 49188 | Depths:2 | Received a gift from Trog
 49260 | Depths:2 | Reached skill level 15 in Dodging
 49308 | Depths:2 | Noticed Bai Suzhen
 49313 | Depths:2 | Killed Bai Suzhen
 49526 | Depths:2 | Found a radiant altar of Vehumet.
 49529 | Depths:2 | Found a transporter.
 49614 | Depths:2 | Identified the amulet "Esu Qiovoth" {Spirit rN+ Str+2}
 50280 | Depths:2 | Paralysed by a floating eye for 4 turns
 50354 | Depths:2 | Found a transporter.
 50511 | Depths:3 | Found Oralef's General Store.
 50967 | Depths:3 | Reached XP level 22. HP: 215/226 MP: 12/21
 51088 | Depths:3 | Received a gift from Trog
 51158 | Depths:3 | Noticed Mara
 51179 | Depths:3 | Noticed DocEon's illusion
 51181 | Depths:3 | Killed Mara
 51422 | Depths:3 | Found a white marble altar of Elyvilon.
 51452 | Depths:3 | Noticed an ancient lich
 51459 | Depths:3 | Killed an ancient lich
 51989 | Depths:4 | Entered Level 4 of the Depths
 52177 | Depths:4 | Identified the +11 war axe "Pycek" {elec, rPois rC++}
 52331 | Depths:4 | Noticed a golden dragon
 52337 | Depths:4 | Killed a golden dragon
 52529 | Depths:4 | Found Erann's Armour Emporium.
 52532 | Depths:4 | Bought a +3 plate armour of cold resistance for 675 gold
                  | pieces
 52839 | Depths:4 | Found a gate to the Realm of Zot.
 53125 | Depths:4 | Noticed a caustic shrike
 53125 | Depths:4 | Noticed a caustic shrike
 53131 | Depths:4 | Killed a caustic shrike
 53134 | Depths:4 | Killed a caustic shrike
 53136 | Depths:4 | Noticed a caustic shrike
 53137 | Depths:4 | Noticed a caustic shrike
 53138 | Depths:4 | Noticed a caustic shrike
 53147 | Depths:4 | Killed a caustic shrike
 53150 | Depths:4 | Killed a caustic shrike
 53179 | Depths:4 | Killed a caustic shrike
 54310 | Depths:4 | Received a gift from Trog
 55010 | Vaults:5 | Entered Level 5 of the Vaults
 55031 | Vaults:5 | Reached skill level 27 in Fighting
 55044 | Vaults:5 | Reached XP level 23. HP: 58/240 MP: 13/22
 55413 | Vaults:5 | Received a gift from Trog
 55638 | Vaults:5 | Identified the +4 lajatang of Ogym {venom, rF+}
 56180 | Vaults:5 | Identified the staff "Qiedud" {rC+ Dex+4 Conj}
 56182 | Vaults:5 | Got a silver rune of Zot
 56222 | Vaults:5 | Identified the +8 sling of the Mushroom {freeze, Fragile
                  | rF+++ Str-5 Stlth+}
 56237 | Vaults:5 | Identified the +2 mace of Extremely Toothy Guile {freeze,
                  | rPois Dex+4}
 56641 | Vaults:5 | Received a gift from Trog
 57574 | Elf:3    | Identified the "Heisch"
 57574 | Zot:1    | Entered Level 1 of the Realm of Zot
 58481 | Zot:1    | Found a shimmering altar of Xom.
 58481 | Zot:1    | Found a glowing silver altar of Zin.
 58481 | Zot:1    | Noticed a Killer Klown
 58481 | Zot:1    | Noticed a Killer Klown
 58482 | Zot:1    | Found a shimmering altar of Xom.
 58482 | Zot:1    | Found a shimmering altar of Xom.
 58506 | Zot:1    | Killed a Killer Klown
 58516 | Zot:1    | Killed a Killer Klown
 58769 | Zot:2    | Reached XP level 24. HP: 249/249 MP: 13/22
 59186 | Zot:2    | Received a gift from Trog
 59757 | Zot:2    | Identified the +5 arbalest of the Shark {freeze, rElec
                  | Str+2 Int-3 Dex+2}
 60189 | Zot:3    | Noticed a dread lich
 60189 | Zot:3    | Noticed a Killer Klown
 60200 | Zot:3    | Killed a dread lich
 60202 | Zot:3    | Killed a Killer Klown
 60259 | Zot:3    | Noticed a Killer Klown
 60272 | Zot:3    | Killed a Killer Klown
 60710 | Zot:3    | Noticed a Killer Klown
 60720 | Zot:3    | Killed a Killer Klown
 60817 | Zot:3    | Received a gift from Trog
 61305 | Zot:4    | Identified the "Lyoshiec"
 61413 | Zot:4    | Identified the ring of Henotheism {Ice Fly}
 61413 | Zot:4    | Noticed Josephina
 61420 | Zot:4    | Killed Josephina
 61771 | Zot:4    | Noticed Vv
 61785 | Zot:4    | Killed Vv
 62031 | Zot:4    | Noticed an orb of fire
 62255 | Zot:5    | Entered Level 5 of the Realm of Zot
 62438 | Zot:5    | Reached skill level 27 in Dodging
 62594 | Zot:5    | Reached skill level 1 in Stealth
 62596 | Zot:5    | Reached XP level 25. HP: 252/257 MP: 13/22
 62597 | Zot:5    | Identified the ring "Vytar" {rN+ Int+6 Dex+5}
 62671 | Zot:5    | Noticed an orb of fire
 62679 | Zot:5    | Lost mutation: Your spells are a little harder to cast, but
                  | a little more powerful. [an orb of fire]
 62682 | Zot:5    | Killed an orb of fire
 63014 | Zot:5    | Reached skill level 5 in Stealth
 63016 | Zot:5    | Noticed a Killer Klown
 63021 | Zot:5    | Noticed a dread lich
 63023 | Zot:5    | Noticed an ancient lich
 63026 | Zot:5    | Noticed a dread lich
 63029 | Zot:5    | Killed a dread lich
 63029 | Zot:5    | Noticed an orb of fire
 63041 | Zot:4    | Killed an ancient lich
 63137 | Zot:5    | Killed an orb of fire
 63144 | Zot:5    | Killed a dread lich
 63173 | Zot:5    | Killed a Killer Klown
 63269 | Zot:5    | Noticed a dread lich
 63290 | Zot:5    | Killed a dread lich
 63896 | Zot:5    | Noticed a Killer Klown
 63909 | Zot:5    | Received a gift from Trog
 63965 | Zot:5    | Noticed a dread lich
 63973 | Zot:5    | Killed a dread lich
 64035 | Zot:5    | Killed a Killer Klown
 64171 | Zot:5    | Reached skill level 10 in Stealth
 64301 | Zot:5    | Noticed an ancient lich
 64302 | Zot:5    | Noticed a Killer Klown
 64302 | Zot:5    | Noticed an ancient lich
 64303 | Zot:5    | Noticed an orb of fire
 64303 | Zot:5    | Noticed an orb of fire
 64303 | Zot:5    | Noticed a Killer Klown
 64318 | Zot:5    | Killed an ancient lich
 64319 | Zot:5    | Killed an orb of fire
 64319 | Zot:5    | Gained mutation: You are frail. (-10% HP) [an orb of fire]
 64324 | Zot:5    | Killed an ancient lich
 64337 | Zot:5    | Killed an orb of fire
 64341 | Zot:5    | Killed a Killer Klown
 64347 | Zot:5    | Killed a Killer Klown
 64489 | Zot:5    | Noticed an ancient lich
 64492 | Zot:5    | Noticed an orb of fire
 64496 | Zot:5    | Gained mutation: You expend magic power (3 MP) to
                  | strengthen your wands. [an orb of fire]
 64502 | Zot:5    | Killed an ancient lich
 64509 | Zot:5    | Killed an orb of fire
 65053 | Zot:5    | Got the Orb of Zot
 65745 | D:$      | Escaped with the Orb!

Illustrated notes

Levels and vault maps discovered:
D:1:      ncdulo_lavacross, layout_basic, serial_forest,
          infiniplex_forest_clump_small, infiniplex_forest_lined_3,
          infiniplex_forest_zigzag_2, infiniplex_forest_clump_double,
          infiniplex_forest_lined_ring, infiniplex_forest_clump_double,
          infiniplex_forest_straight_2
D:2:      layout_loops_ring
D:3:      layout_loops_cross, nicolae_overflow_crystal_walls
D:4:      layout_basic, minmay_temple_entry_statues_pillars, uniq_pikel,
          uniq_edmund
D:5:      layout_layer_cave, chequers_decorated_corner, uniq_sigmund
D:6:      layout_rooms, gup_sewer_entry_bowl, uniq_prince_ribbit1
D:7:      layout_basic, dk_noncrumbling_3, chequers_serial_rivers_micro_d,
          serial_bayou_ford_a, worms_lemuel, uniq_joseph
D:8:      layout_rooms, minmay_overflow_temple_hex,
          nicolae_gozag_cash_rules_everything_around_me, uniq_jeremiah
D:9:      layout_basic, minmay_lair_entry_grove, enter_bailey_3, minivault_12
D:10:     layout_basic, chequers_avenue, uniq_urug, uniq_erica
D:11:     layout_stronghold
D:12:     layout_cave_pools, orc_0_dummy, nicolae_trove_entry_columns,
          amethyst_killhole
D:13:     layout_roguey, nemelex_spade_bored_becter
D:14:     layout_loops_ring, grunt_vaults_entry_tiered
D:15:     hellmonk_depths_entry_around_the_bend, layout_irregular_city,
          minmay_misc_feat_x, nicolae_shop_self_help, uniq_agnes
Lair:1:   layout_regular_city
Lair:2:   layout_cave_pods, minmay_shoals_entry_hut,
          minmay_snake_entry_six_corridors, uniq_harold
Lair:3:   layout_small_grid, minmay_holes, grunt_megastairs_2, uniq_nergalle
Lair:4:   minmay_lair_venomous_thicket, layout_gridlike,
          nicolae_lair_grazing_beasts [nicolae_sub_lair_graze_edge,
          nicolae_sub_lair_graze_edge, nicolae_sub_lair_graze_edge,
          nicolae_sub_lair_graze_edge], grunt_megastairs_1
Lair:5:   hellmonk_lair_end_abyssal_woods, layout_loops_ring,
          nicolae_slime_entry_slimehenge, basic_altar,
          infiniplex_staircase_pool_2, serial_bayou_shore_b
Shoals:1: cheibrodos_shoals_roost, layout_shoals, nzn_prometheus_bound
Shoals:2: nicolae_shoals_lighthouse, layout_shoals, st_cyclops
Shoals:3: layout_shoals, uniq_kirke, uniq_ilsuiw, uniq_polyphemus
Shoals:4: shoals_end_hangedman, layout_shoals, serial_shops, shop, uniq_nikola
Snake:1:  layout_chambers, serial_shops, bzr_firewalk,
          gammafunk_ghost_berserking_beasts
Snake:2:  layout_layer_cave, nicolae_snake_the_dead_are_slithering,
          uniq_frances, uniq_roxanne, uniq_azrael
Snake:3:  layout_cave_town, uniq_asterion, uniq_aizul
Snake:4:  hellmonk_snake_rune_quicksilver_temple, layout_onion_interference,
          basic_altar, serial_shops, shop
Orc:1:    layout_diamond_mine, basic_altar, uniq_jorgrun
Orc:2:    st_orc_open, layout_diamond_mine, serial_shops, shop,
          guppyfry_orc_lava_fort, uniq_sonja
Vaults:1: nicolae_vaults_double_plus_2, nicolae_vaults_diamond_2,
          vaults_room_grunt_arrival_ludios, nicolae_vaults_big_ls,
          vaults_room_hallway, nicolae_vaults_disappearing_quadrants,
          vaults_mumra_chevron_long, v_misc_2, nicolae_vaults_tetromino_Z_2,
          ontoclasm_vaults_loading_screen, vaults_room_hallway,
          nicolae_vaults_trapezoid_3, nicolae_vaults_trapezoid_layered,
          layout_vaults_omnibox
Vaults:2: nicolae_vaults_sightless_eye, vaults_room_fours,
          hangedman_vaults_maws, vaults_room_door_hall, nicolae_vaults_heist,
          v_pattern_2, vaults_room_semicircle, nicolae_vaults_specimen_jars,
          nicolae_vaults_little_squares_3, layout_vaults_quadrants,
          serial_shops, shop
Vaults:3: blue_anna_dwarven_crypt, ontoclasm_vaults_shuriken, v_misc_27,
          vaults_mumra_chevron, v_alt_pattern_6, nicolae_vaults_weapon_check,
          v_rooms_4, ontoclasm_vaults_misaligned, vaults_room_door_hall,
          nicolae_vaults_c_with_doors, hangedman_vaults_cutoff,
          nicolae_vaults_little_squares_6, nicolae_vaults_trapezoid_4,
          serial_ice_m, v_misc_8, layout_vaults_maze
Vaults:4: ploomutoo_gammafunk_ghost_potion_laboratory, ontoclasm_vaults_bender,
          nicolae_vaults_steering_wheel, nicolae_vaults_heart-shaped_vault,
          st_star, nicolae_vaults_trapezoid_lopsided_1, v_alt_pattern_6,
          nicolae_vaults_trapezoid_lopsided_3, nicolae_vaults_shelves_hall,
          layout_vaults_ring
Vaults:5
Crypt:1:  layout_chaotic_city, ebering_ghost_gozag, grunt_megastairs_4
Depths:1: layout_gridville, minmay_misc_feat_room, pf_coc_iceberg,
          rand_demon_pan_entry_7, nicolae_sif_muna_little_library, uniq_sojobo
Depths:2: gammafunk_sealed_library, layout_honeycomb, enter_ziggurat_f,
          tso_metal_star, hell_entry, pan_entry, glass_columns_c,
          uniq_bai_suzhen
Depths:3: dreamdust_under_siege, layout_gridville, abyss_entry,
          grunt_metal_band, serial_shops, nicolae_shop_tiny_waterfront,
          kennysheep_decorative_pillar, kennysheep_random_hallway, uniq_mara
Depths:4: grunt_bruiser_brothers, layout_gridlike, hellmouth_1, serial_shops,
          nicolae_shop_real_fake_doors, minmay_hedge_maze
Zot:1:    dreamdust_zin_vs_xom, layout_concentric_octagons
Zot:2:    layout_gridlike
Zot:3:    ebering_klown_carousel, layout_misc_corridors
Zot:4:    layout_gridlike, nrook_zot_tub, uniq_parghit, uniq_vv, uniq_josephina
Zot:5:    layout_basic, lemuel_baited_zot_trap

Skill      XL: |  1  2  3  4  5  6  7  8  9 10 11 12 13 14 15 16 17 18 19 20 21 22 23 24 25 |
---------------+----------------------------------------------------------------------------+-----
Axes           | 4 5 6 8 10 11 14 15 16 18 19 21 22 23 25 26 27 | 27.0
Fighting       | 4 6 8 10 11 13 14 15 16 17 19 21 23 25 27 | 27.0
Armour         | 3 6 8 11 15 18 20 21 23 24 26 27 | 27.0
Dodging        | 7 12 15 18 23 27 | 27.0
Stealth        | 1 13 | 13.2

Action                     |  1- 3 |  4- 6 |  7- 9 | 10-12 | 13-15 | 16-18 | 19-21 | 22-24 | 25-27 || total
---------------------------+-------+-------+-------+-------+-------+-------+-------+-------+-------++-------
  Melee: Hand axe          |    92 |    86 |   185 |       |       |       |       |       |       ||   363
         Headbutt          |    25 |    16 |    33 |    81 |   154 |   218 |   232 |   281 |    72 ||  1112
         Punch             |       |     1 |     2 |       |       |       |       |       |       ||     3
         Battleaxe         |       |       |    84 |   265 |       |       |       |       |       ||   349
         Executioner's axe |       |       |       |   197 |   707 |   954 |   900 |   928 |   253 ||  3939
 Invoke: Berserk           |     1 |     1 |     5 |     7 |     7 |    12 |     6 |     3 |     2 ||    44
         Trog's Hand       |       |       |     2 |     2 |    10 |    16 |     5 |     8 |     4 ||    47
         Brothers in Arms  |       |       |       |       |       |     1 |       |     3 |       ||     4
  Evoke: Wand              |       |       |       |       |     4 |       |     1 |     1 |       ||     6
    Use: Scroll            |     2 |     5 |     7 |     6 |    14 |    19 |       |     8 |     1 ||    62
         Potion            |       |       |       |       |       |     5 |     6 |     4 |     7 ||    22
   Stab: Sleeping          |     1 |       |       |       |       |       |       |       |       ||     1
         Distracted        |       |       |       |       |     3 |       |     3 |     1 |     1 ||     8
         Petrified         |       |       |       |       |     3 |     5 |       |       |       ||     8
         Petrifying        |       |       |       |       |     1 |     1 |       |       |       ||     2
 Armour: Animal skin       |    42 |    23 |       |       |       |       |       |       |       ||    65
         Scale mail        |       |    18 |   152 |   337 |   683 |    84 |       |       |       ||  1274
         Chain mail        |       |       |       |       |       |  1036 |   724 |    70 |       ||  1830
         Storm dragon scal |       |       |       |       |       |       |       |   225 |       ||   225
         Plate armour      |       |       |       |       |       |       |       |    28 |       ||    28
         Gold dragon scale |       |       |       |       |       |       |       |   389 |   134 ||   523
  Dodge: Dodged            |    45 |    30 |    75 |   193 |   335 |   465 |   608 |   709 |   152 ||  2612
  Block: Other             |    11 |    15 |    45 |    96 |   140 |   192 |   173 |   177 |    33 ||   882
         Reflection        |       |       |       |     2 |    18 |    19 |    24 |     6 |       ||    69

Table legend: (Time is in decaauts)
 A = Elapsed time spent in this place.
 B = Non-inter-level travel time spent in this place.
 C = Inter-level travel time spent in this place.
 D = Time resting spent in this place.
 E = Time spent auto-exploring this place.
 F = Levels seen in this place.
 G = Mean time per level.
                   A        B        C        D        E       F      G
               +--------+--------+--------+--------+--------+-----+--------+
         Total |  65061 |  60723 |   4338 |  13226 |  38078 |  48 | 1355.4 |
       Dungeon |  14547 |  12917 |   1630 |   1696 |   8999 |  15 |  969.8 |
          Lair |   6502 |   6073 |    429 |    414 |   4664 |   5 | 1300.4 |
        Shoals |   7260 |   7079 |    181 |   2383 |   3700 |   4 | 1815.0 |
     Snake Pit |   7706 |   7319 |    387 |   2850 |   3555 |   4 | 1926.5 |
  Orcish Mines |   2112 |   1973 |    139 |    515 |   1025 |   2 | 1056.0 |
        Vaults |  11141 |  10369 |    772 |   2617 |   6263 |   5 | 2228.2 |
         Crypt |      1 |      1 |      0 |      0 |      0 |   1 |    1.0 |
        Depths |   7604 |   7019 |    585 |    867 |   5131 |   4 | 1901.0 |
           Zot |   7421 |   7209 |    212 |   1649 |   4395 |   5 | 1484.2 |
        Bazaar |     71 |     71 |      0 |      0 |     48 |   1 |   71.0 |
         Sewer |    141 |    141 |      0 |      0 |    101 |   1 |  141.0 |
        Bailey |    548 |    548 |      0 |    230 |    195 |   1 |  548.0 |
               +--------+--------+--------+--------+--------+-----+--------+

Top non-repeatable levels by time:
Vaults:3: 3037 daAuts
Depths:4: 2780 daAuts
   Zot:5: 2354 daAuts
Vaults:1: 2248 daAuts
 Snake:2: 2242 daAuts
Shoals:2: 2181 daAuts
Vaults:4: 2078 daAuts
Shoals:3: 2023 daAuts
Vaults:2: 1939 daAuts
 Snake:1: 1877 daAuts
Vaults:5: 1838 daAuts
 Snake:3: 1800 daAuts
 Snake:4: 1785 daAuts
Depths:2: 1775 daAuts
   Zot:2: 1739 daAuts
